 Dungeon Sprint DCSS version 0.22-a0-601-gb0ed703 (webtiles) character file.

47822 raistware the Warrior (level 14, -7/141 HPs)
             Began as a Pale Draconian Fighter on July 6, 2018.
             Was the Champion of Qazlal.
             Mangled by an Executioner (9 damage)
             ... summoned by Veybb
             ... in the Dungeon (Sprint V: "Ziggurat Sprint").
             The game lasted 00:23:22 (2169 turns).

raistware the Warrior (Pale Draconian Fighter)      Turns: 2169, Time: 00:23:23

Health: -7/141     AC: 16    Str: 27    XL:     14   Next: 10%
Magic:  13/28      EV: 24    Int: 10    God:    Qazlal [******]
Gold:   0          SH: 41    Dex: 22    Spells: 18/39 levels left

rFire    + + .     SeeInvis .   F - +8 lance "Wyrmbane" {slay drac, rPois rF+ rC+ AC+3}
rCold    + . .     Gourm    .   G - +18 shield of the Gong {rElec rN+ MR+ EV-5}
rNeg     + + .     Faith    .   (armour unavailable)
rPois    +         Spirit   .   (helmet restricted)
rElec    +         Reflect  .   (no cloak)
rCorr    +         Harm     .   T - +1 pair of gloves "Cehel" {Str+2}
MR       +++++     Clarity  +   (no boots) Stlth +.........NoTele +
                                R - amulet of the Four Winds {rN+ MR+++ Clar}
HPRegen  0.00/turn              C - +6 ring of strength
MPRegen  0.21/turn              t - ring "Wyrafuygg" {rCorr *Corrode MR+ Dex+10}

@: protected from physical damage, very slightly contaminated, repel missiles
A: breathe steam, unfitting armour, clumsy 1, fire resistance 1, low mp 1,
inhibited regeneration, no potion heal 1, cold-blooded, AC +8
a: Breathe Steam, Upheaval, Elemental Force, Disaster Area, Renounce Religion


You were in the Dungeon.
You worshipped Qazlal.
Qazlal was exalted by your worship.
You were not hungry.

You visited 1 branch

Inventory:

Hand Weapons
 F - the +8 lance "Wyrmbane" (weapon) {slay drac, rPois rF+ rC+ AC+3}
   (You found it in the Dungeon)

   It affects your AC (+3).
   It protects you from fire.
   It protects you from cold.
   It protects you from poison.
 H - the +9 hand axe of Ruination {chop, Str+3 Int+2}
   (You found it in the Dungeon)

   It inflicts extra damage upon your enemies.
   It affects your strength (+3).
   It affects your intelligence (+2).
Armour
 G - the +18 shield of the Gong (worn) {rElec rN+ MR+ EV-5}
   (You found it in the Dungeon)

   It affects your evasion (-5).
   It insulates you from electricity.
   It protects you from negative energy.
   It affects your resistance to hostile enchantments.
 T - the +1 pair of gloves "Cehel" (worn) {Str+2}
   (You found it in the Dungeon)

   It affects your strength (+2).
Jewellery
 b - a cursed +5 ring of evasion
 t - the ring "Wyrafuygg" (right hand) {rCorr *Corrode MR+ Dex+10}
   (You found it in the Dungeon)

   [ring of resist corrosion]

   It affects your dexterity (+10).
   It affects your resistance to hostile enchantments.
   It may corrode you when you take damage.
 y - a +6 ring of dexterity
 z - a +6 ring of dexterity
 A - a +6 ring of intelligence
 B - a +6 ring of intelligence
 C - a +6 ring of strength (left hand)
 D - a +6 ring of strength
 I - a +2 amulet of reflection
 J - the amulet of the Endless Expanse {+Rage +Inv rC+}
   (You found it in the Dungeon)

   [amulet of rage]

   It protects you from cold.
   It lets you turn invisible.
   It lets you go berserk.
 L - an uncursed ring of protection from cold
 N - the ring of Robustness {AC+8}
   (You found it in the Dungeon)

   [ring of protection]

   It affects your AC (+8).
 P - an uncursed ring of protection from cold
 Q - the ring "Wooching" {*Contam rC+ rN+ Int+8 Stlth+}
   (You took it off an orc warrior in the Dungeon)

   [ring of positive energy]

   It affects your intelligence (+8).
   It protects you from cold.
   It protects you from negative energy.
   It causes magical contamination when unequipped.
   It makes you more stealthy.
 R - the amulet of the Four Winds (around neck) {rN+ MR+++ Clar}
   (You took it off a vault guard in the Dungeon)

   [amulet of nothing]

   It protects you from negative energy.
   It affects your resistance to hostile enchantments.
   It protects you against confusion.
 X - an uncursed ring of magical power
Wands
 v - a wand of disintegration (7)
 w - a wand of iceblast (4)
 x - a wand of acid (5)
Scrolls
 j - a scroll of blinking
 k - 4 scrolls of amnesia
 l - 7 scrolls of fog
 m - a scroll of holy word
 n - 5 scrolls of identify
 o - 5 scrolls of remove curse
 p - 2 scrolls of fear
 O - a scroll of brand weapon
 W - a scroll of acquirement
Potions
 c - 6 potions of might
 e - 10 potions of curing
 f - 6 potions of heal wounds
 g - 9 potions of haste
 h - 5 potions of magic
 i - 3 potions of berserk rage
 q - 2 potions of brilliance
 r - a potion of invisibility
 s - 4 potions of resistance
 u - 5 potions of agility
Miscellaneous
 a - a phial of floods
 E - a lightning rod (4/4)
 K - a fan of gales
 M - a lamp of fire
 S - a phantom mirror
 U - a sack of spiders
Comestibles
 d - 9 rations
 V - 40 chunks of flesh


   Skills:
 + Level 17.8 Fighting
 - Level 12.0 Polearms
 + Level 17.1 Dodging
 - Level 15.0 Shields
 + Level 13.3 Spellcasting
 * Level 9.6 Transmutations
 + Level 17.6 Invocations


You had 18 spell levels left.
You knew the following spells:

 Your Spells              Type           Power        Failure   Level  Hunger
a - Shatter               Erth           #.........   100%        9    #######
b - Dragon Form           Tmut           ####......   85%         7    #######
c - Borgnjor's Vile Clut  Necr/Erth      #.........   95%         5    #####..

Your spell library contained the following spells:

 Spells                   Type           Power        Failure   Level  Hunger
 Cause Fear               Hex            #.........   69%         4    ###....
 Magic Dart               Conj           #...         10%         1    None
 Bolt of Cold             Conj/Ice       #.........   100%        6    ######.
 Lightning Bolt           Conj/Air       #.........   95%         5    #####..
 Bolt of Magma            Conj/Fire/Erth #.........   95%         5    #####..
 Slow                     Hex            #.......     16%         2    None
 Confuse                  Hex            #.......     30%         3    #......
 Freezing Cloud           Conj/Ice/Air   #.........   100%        6    ######.
 Mephitic Cloud           Conj/Pois/Air  #.......     30%         3    #......
 Death's Door             Chrm/Necr      #.........   100%        8    #######
 Iskenderun's Mystic Bla  Conj           #.......     69%         4    ###....
 Haunt                    Necr/Summ      #.........   100%        7    #######
 Borgnjor's Revivificati  Necr           #.........   100%        8    #######
 Ozocubu's Refrigeration  Ice            #.........   100%        6    ######.
 Summon Ice Beast         Ice/Summ       #.......     69%         4    ###....
 Regeneration             Chrm/Necr      #.........   30%         3    #......
 Sublimation of Blood     Necr           #.........   16%         2    None
 Tukima's Dance           Hex            #.......     30%         3    #......
 Iron Shot                Conj/Erth      #.........   100%        6    ######.
 Stone Arrow              Conj/Erth      #.....       30%         3    #......
 Shock                    Conj/Air       #...         10%         1    None
 Recall                   Summ/Tloc      N/A          30%         3    #......
 Spider Form              Tmut/Pois      ###.......   4%          3    #......
 Blade Hands              Tmut           ####......   5%          5    #####..
 Statue Form              Tmut/Erth      ###......    91%         6    ######.
 Ice Form                 Ice/Tmut       ###.....     14%         4    ###....
 Necromutation            Tmut/Necr      ###.......   100%        8    #######
 Deflect Missiles         Chrm/Air       #.........   100%        6    ######.
 Confusing Touch          Hex            #.....       10%         1    None
 Passwall                 Tmut/Erth      ###.....     1%          2    None
 Ignite Poison            Fire/Tmut/Pois ##......     8%          3    #......
 Sticks to Snakes         Tmut           ####....     1%          2    None
 Ensorcelled Hibernation  Hex/Ice        #.....       16%         2    None
 Metabolic Englaciation   Hex/Ice        #.........   95%         5    #####..
 Silence                  Hex/Air        #.........   95%         5    #####..
 Static Discharge         Conj/Air       #.......     30%         3    #......
 Corona                   Hex            #......      10%         1    None
 Alistair's Intoxication  Tmut/Pois      ###.....     36%         5    #####..
 Lee's Rapid Deconstruct  Erth           #.........   95%         5    #####..
 Sandblast                Erth           #.....       10%         1    None
 Simulacrum               Ice/Necr       #.........   100%        6    ######.
 Conjure Ball Lightning   Conj/Air       #.........   100%        6    ######.
 Portal Projectile        Hex/Tloc       #.....       30%         3    #......
 Petrify                  Tmut/Erth      ###.....     14%         4    ###....
 Tornado                  Air            #.........   100%        9    #######
 Leda's Liquefaction      Hex/Erth       #.........   69%         4    ###....
 Darkness                 Hex            #.........   100%        6    ######.
 Shroud of Golubria       Chrm/Tloc      #.........   16%         2    None
 Inner Flame              Hex/Fire       #.......     30%         3    #......
 Beastly Appendage        Tmut           ####..       1%          1    None
 Fulminant Prism          Conj/Hex       #.........   69%         4    ###....
 Dazzling Spray           Conj/Hex       #.....       30%         3    #......
 Force Lance              Conj/Tloc      #.......     69%         4    ###....
 Infusion                 Chrm           #...         10%         1    None
 Song of Slaying          Chrm           #.......     16%         2    None
 Spectral Weapon          Hex/Chrm       #.......     30%         3    #......
 Searing Ray              Conj           #.....       16%         2    None
 Summon Lightning Spire   Summ/Air       #.......     69%         4    ###....
 Irradiate                Conj/Tmut      ###.......   36%         5    #####..
 Infestation              Necr           #.........   100%        8    #######
 Poisonous Vapours        Pois/Air       #.....       16%         2    None
 Ignition                 Fire           #.........   100%        8    #######


Dungeon Overview and Level Annotations

Branches:
Dungeon (1/1)

Altars:
Ashenzari
Cheibriados
Dithmenos
Elyvilon
Fedhas
Gozag
Hepliaklqana
Kikubaaqudgha
Makhleb
Nemelex Xobeh
Okawaru
Qazlal
Ru
Sif Muna
Trog
Uskayaw
Vehumet
Wu Jian
Xom
Yredelemnul
Zin
The Shining One
Beogh
Jiyva
Lugonu

Annotations:
D 1 transporter


Innate Abilities, Weirdness & Mutations

You can breathe blasts of scalding, opaque steam.
Your pale cyan-grey scales are hard. (AC +8)
You cannot fit into any form of body armour.
You are cold-blooded and may be slowed by cold attacks.
You are clumsy. (Dex -2)
Your flesh is heat resistant. (rF+)
Your magical capacity is low. (-10% MP)
You do not regenerate when monsters are visible.
Potions are less effective at restoring your health.


Message History

The cutting wind hits the reaper.
The reaper is moderately wounded.
The blast of magma engulfs Veybb.
Veybb partially resists.
Veybb is moderately wounded.
The blast of ice hits Gumuat.
Gumuat partially resists.
Gumuat is severely wounded.
Gumuat is flash-frozen.
The blast of magma engulfs Gumuat.
Gumuat is almost dead.
The blast of ice hits Uveatos.
Uveatos partially resists.
You kill Uveatos!
Qazlal accepts your kill.
Your Transmutations skill increases to level 9!
You block the Executioner's attack.
SHROANNG!
You block the Executioner's attack.
BOUMMMMG!
You block the Executioner's attack.
BOUMMMMG!
The Executioner hits you!
You die...

▓..▓.......▓..▓.▓▓▓)..▓▓▓.▓..8
▓.▓▓▓....(▓▓▓[▓).▓.)...▓..▓...
▓..▓.....).▓.)▓..)..©.....▓...
▓.........()[)▓▓▓▓▓▓▓▓▓▓▓▓▓...
▓......©...)..▓....8©8....▓...
▓▓▓▓▓▓▓▓▓▓▓▓▓▓▓..:).)..|..▓.▓.
8§8§§§§.▓......).|..▓...
.§§§§§..▓...((..:...▓▓▓▓
..|)"§§§§§.@▓....().....▓...
......§§§§§1▓.....).....▓..)
..)...§§§&≈≈▓...()......▓...
.≈.≈...≈§§§.≈▓..▓))...▓..▓...
.≈...≈..[≈§§≈▓.▓(▓...▓.▓.▓...
≈..≈.≈.§≈&§.▓..▓.....▓..▓...
▓...§§§.▓§§▓.....©.....▓... ▓
▓▓≈≈§2§▓▓▓§▓▓▓▓▓▓▓▓▓▓▓▓▓...
▓..▓..≈≈...▓..▓.[[(8©8....▓...


You could see Gumuat, Veybb, a reaper and an Executioner.

Vanquished Creatures
  A Tzitzimitl (D)
  A pandemonium lord (D)
  2 liches (D)
  2 orc warlords (D)
  A black sun (D)
  A stone giant (D)
  A vampire knight (D)
  A mummy priest (D)
  A naga warrior (D)
  9 vault guards (D)
  A dancing weapon (D)
  2 two-headed ogres (D)
  An orc high priest (D)
  A sun demon (D)
  A soul eater (D)
  A deep elf knight (D)
  A sixfirhy (D)
  A skeletal warrior (D)
  3 orc knights (D)
  2 necromancers (D)
  4 orc sorcerers (D)
  A shining eye (D)
  4 cyclopes (D)
  A black mamba (D)
  A naga mage (D)
  A smoke demon (D)
  3 orange demons (D)
  An ice devil (D)
  A yaktaur (D)
  A hellwing (D)
  A guardian mummy (D)
  3 red devils (D)
  2 trolls (D)
  2 slime creatures (D)
  A flying skull (D)
  3 shadows (D)
  A water elemental (D)
  2 ynoxinuls (D)
  A tarantella (D)
  An ushabti (D)
  A fire elemental (D)
  3 golden eyes (D)
  A neqoxec (D)
  2 nagas (D)
  2 large abominations (D)
  3 water moccasins (D)
  2 floating eyes (D)
  5 hell hounds (D)
  12 orc warriors (D)
  3 ogres (D)
  3 scorpions (D)
  3 wights (D)
  A crimson imp (D)
  A jelly (D)
  2 quasits (D)
  3 orc priests (D)
  3 iron imps (D)
  A gnoll shaman (D)
  2 mummies (D)
  A shadow imp (D)
  3 white imps (D)
  2 ufetubi (D)
  3 oozes (D)
  2 ball pythons (D)
  A ball python zombie (D)
  A fire vortex (D)
135 creatures vanquished.

Vanquished Creatures (collateral kills)
  A deep elf archer (D)
1 creature vanquished.

Vanquished Creatures (others)
  3 frost giants (D)
  A stone giant (D)
  A deep elf archer (D)
  A cyclops (D)
  A bat skeleton (D)
7 creatures vanquished.

Grand Total: 143 creatures vanquished

Notes
Turn   | Place    | Note
-------+----------+-------------------------------------------
     0 | D        | Found the +6 Majin-Bo {vamp, Archmagi MP+6 Int+6}
     0 | D        | Found the +7 great mace "Firestarter" {inner flame, rF++}
     0 | D        | raistware the Draconian Fighter began the quest for the Orb.
     0 | D        | Reached XP level 1. HP: 19/19 MP: 1/1
     2 | D        | Found a blossoming altar of Fedhas.
     3 | D        | Found a viscous altar of Jiyva.
     3 | D        | Found a hazy altar of Hepliaklqana.
     3 | D        | Found a transporter.
     3 | D        | Found an opulent altar of Gozag.
     3 | D        | Found an ancient bone altar of Kikubaaqudgha.
     3 | D        | Found a corrupted altar of Lugonu.
    12 | D        | Found a burning altar of Makhleb.
    13 | D        | Found a sacrificial altar of Ru.
    13 | D        | Found a stormy altar of Qazlal.
    13 | D        | Found a deep blue altar of Sif Muna.
    13 | D        | Found an iron altar of Okawaru.
    13 | D        | Found a bloodstained altar of Trog.
    13 | D        | Found a sparkling altar of Nemelex Xobeh.
    33 | D        | Found the +6 shillelagh "Devastator" {shatter}
    33 | D        | Found the +11 plutonium sword {*Contam Stlth-}
    33 | D        | Found the +8 lance "Wyrmbane" {slay drac, rPois rF+ rC+ AC+3}
    33 | D        | Found the +9 sword of Zonguldrok {reap}
    33 | D        | Found the cursed +13 scythe of Curses {drain, *Curse}
    33 | D        | Found the +0 sword of Power
    33 | D        | Found the +7 mace of Variability {chain chaos}
    33 | D        | Found the +7 Singing Sword
    33 | D        | Found the +7 longbow "Piercer" {penet, EV-2}
    35 | D        | Found the +9 heavy crossbow "Sniper" {velocity, Acc+∞ SInv}
    35 | D        | Found the +10 dark maul {crush}
    35 | D        | Found the +15 Maxwell's patent armour {-Cast -Tele rElec MR+ rCorr}
    35 | D        | Found the +18 shield of the Gong {rElec rN+ MR+ EV-5}
    35 | D        | Found the cursed +14 obsidian axe {chop, +Fly SInv *Curse}
    53 | D        | Became a worshipper of Qazlal Stormbringer
   161 | D        | Entered arena 2.
   161 | D        | Noticed an iron imp
   161 | D        | Noticed Goray the pandemonium lord
   161 | D        | Found a transporter.
   162 | D        | Reached XP level 2. HP: 26/26 MP: 2/2
   164 | D        | Entered arena 3.
   164 | D        | Noticed a hell hound
   164 | D        | Noticed a fire elemental
   164 | D        | Found a transporter.
   166 | D        | Killed a hell hound
   166 | D        | Reached skill level 5 in Shields
   166 | D        | Reached XP level 3. HP: 24/31 MP: 3/3
   166 | D        | Reached XP level 4. HP: 29/38 MP: 4/4
   167 | D        | Killed a fire elemental
   167 | D        | Reached XP level 5. HP: 35/45 MP: 5/5
   198 | D        | Entered arena 4.
   198 | D        | Noticed a tarantella
   198 | D        | Found a transporter.
   207 | D        | Killed a tarantella
   207 | D        | Reached * piety under Qazlal
   207 | D        | Reached XP level 6. HP: 46/51 MP: 6/6
   221 | D        | Reached ** piety under Qazlal
   221 | D        | Your scales start taking on a pale cyan-grey colour.
   221 | D        | Reached XP level 7. HP: 50/57 MP: 7/7
   228 | D        | Got the ring "Wyrafuygg" {rCorr *Corrode MR+ Dex+10}
   235 | D        | Got the +9 hand axe of Ruination {chop, Str+3 Int+2}
   258 | D        | Entered arena 5.
   258 | D        | Found a transporter.
   273 | D        | Reached skill level 1 in Invocations
   280 | D        | Reached *** piety under Qazlal
   287 | D        | Got the amulet of the Endless Expanse {+Rage +Inv rC+}
   292 | D        | Entered arena 6.
   292 | D        | Noticed an antimagic flail
   292 | D        | Noticed a deep elf archer
   292 | D        | Noticed a deep elf archer
   292 | D        | Noticed a deep elf knight
   292 | D        | Noticed a water elemental
   292 | D        | Found a transporter.
   302 | D        | Killed a water elemental
   304 | D        | Killed a deep elf archer
   304 | D        | Reached skill level 5 in Fighting
   304 | D        | Reached skill level 10 in Polearms
   304 | D        | Reached skill level 10 in Shields
   304 | D        | Reached XP level 8. HP: 68/68 MP: 8/11
   304 | D        | Killed a deep elf knight
   304 | D        | Reached skill level 10 in Dodging
   304 | D        | Reached skill level 5 in Invocations
   330 | D        | Killed an antimagic flail
   330 | D        | Reached **** piety under Qazlal
   330 | D        | Reached XP level 9. HP: 23/79 MP: 0/13
   334 | D        | Killed a deep elf archer
   572 | D        | Entered arena 7.
   572 | D        | Noticed a shining eye
   574 | D        | Found a transporter.
   574 | D        | Paralysed by a floating eye for 3 turns
   579 | D        | Gained mutation: Potions are less effective at restoring your health. [a shining eye]
   581 | D        | Paralysed by a floating eye for 4 turns
   582 | D        | Gained mutation: You do not regenerate when monsters are visible. [a shining eye]
   586 | D        | Gained mutation: You are clumsy. (Dex -2) [a shining eye]
   588 | D        | Gained mutation: Your flesh is heat resistant. (rF+) [a shining eye]
   595 | D        | Gained mutation: Your magical capacity is low. (-10% MP) [a shining eye]
   596 | D        | Killed a shining eye
   601 | D        | Got the Catalogue of Flight and Clay
   641 | D        | Entered arena 8.
   642 | D        | Reached ***** piety under Qazlal
   643 | D        | Found a transporter.
   656 | D        | Reached XP level 10. HP: 77/90 MP: 10/14
   710 | D        | Entered arena 9.
   710 | D        | Noticed a mummy priest
   714 | D        | Found a transporter.
   742 | D        | Killed a mummy priest
   742 | D        | Noticed a soul eater
   906 | D        | Entered arena 10.
   907 | D        | Found the ring of Robustness {AC+8}
   907 | D        | Found a transporter.
   918 | D        | Reached ****** piety under Qazlal
   945 | D        | Entered arena 11.
   945 | D        | Noticed an orange demon
   945 | D        | Noticed a smoke demon
   946 | D        | Found a transporter.
   950 | D        | Killed a smoke demon
   950 | D        | Reached skill level 10 in Fighting
   954 | D        | Killed an orange demon
  1000 | D        | Entered arena 12.
  1000 | D        | Noticed a naga warrior
  1000 | D        | Noticed a black mamba
  1000 | D        | Noticed a naga mage
  1006 | D        | Killed a naga mage
  1006 | D        | Reached skill level 15 in Shields
  1006 | D        | Reached skill level 1 in Spellcasting
  1006 | D        | Reached skill level 10 in Invocations
  1015 | D        | Killed a black mamba
  1015 | D        | Reached XP level 11. HP: 94/101 MP: 8/16
  1034 | D        | Killed a naga warrior
  1040 | D        | Found a transporter.
  1069 | D        | Got the Tome of the Enchanting Rocks
  1073 | D        | Got Easy Wizardry
  1196 | D        | Entered arena 13.
  1196 | D        | Noticed a vampire knight
  1196 | D        | Noticed a skeletal warrior
  1196 | D        | Noticed a lich
  1197 | D        | Noticed a necromancer
  1199 | D        | Noticed a necromancer
  1217 | D        | Killed a necromancer
  1217 | D        | Killed a necromancer
  1220 | D        | Killed a skeletal warrior
  1220 | D        | Reached skill level 5 in Spellcasting
  1232 | D        | Killed a lich
  1239 | D        | Killed a vampire knight
  1241 | D        | Found the +8 orange crystal plate armour {Archmagi, Int+3 Clar}
  1241 | D        | Found the +9 staff of Olgreb {rPois}
  1242 | D        | Found a transporter.
  1423 | D        | Entered arena 14.
  1423 | D        | Noticed a vault guard
  1423 | D        | Noticed a stone giant
  1423 | D        | Noticed a vault guard
  1424 | D        | Noticed a lich
  1424 | D        | Noticed a vault guard
  1424 | D        | Noticed a vault guard
  1424 | D        | Noticed a vault guard
  1424 | D        | Noticed a vault guard
  1425 | D        | Noticed a vault guard
  1425 | D        | Noticed a vault guard
  1425 | D        | Noticed a vault guard
  1426 | D        | Found a transporter.
  1429 | D        | Killed a vault guard
  1429 | D        | Killed a vault guard
  1429 | D        | Reached XP level 12. HP: 115/115 MP: 19/21
  1430 | D        | Killed a vault guard
  1434 | D        | Killed a stone giant
  1435 | D        | Killed a vault guard
  1435 | D        | Killed a vault guard
  1435 | D        | Killed a vault guard
  1440 | D        | Killed a lich
  1440 | D        | Killed a vault guard
  1443 | D        | Killed a vault guard
  1443 | D        | Reached skill level 15 in Dodging
  1449 | D        | Killed a vault guard
  1449 | D        | Reached skill level 15 in Fighting
  1449 | D        | Reached skill level 10 in Spellcasting
  1453 | D        | Got the ring "Qukupn" {MR+ Stlth+}
  1466 | D        | Got the Papyrus of the Mutagenic Snowflakes
  1661 | D        | Entered arena 15.
  1661 | D        | Noticed a two-headed ogre
  1661 | D        | Noticed a frost giant
  1663 | D        | Noticed a frost giant
  1663 | D        | Noticed a frost giant
  1663 | D        | Noticed a stone giant
  1663 | D        | Noticed a two-headed ogre
  1665 | D        | Found a transporter.
  1667 | D        | Killed a two-headed ogre
  1667 | D        | Reached skill level 15 in Invocations
  1667 | D        | Killed a two-headed ogre
  1673 | D        | Killed a frost giant
  1673 | D        | Reached XP level 13. HP: 53/128 MP: 17/25
  1675 | D        | Killed a frost giant
  1677 | D        | Killed a frost giant
  1689 | D        | Killed a stone giant
  1707 | D        | Got the +1 pair of gloves "Cehel" {Str+2}
  1772 | D        | Learned a level 9 spell: Shatter
  1780 | D        | Learned a level 7 spell: Dragon Form
  1786 | D        | Learned a level 5 spell: Borgnjor's Vile Clutch
  1933 | D        | Entered arena 16.
  1934 | D        | Noticed an orc warlord
  1944 | D        | Reached skill level 1 in Transmutations
  1958 | D        | Killed an orc warlord
  1976 | D        | Got the ring "Wooching" {*Contam rC+ rN+ Int+8 Stlth+}
  1987 | D        | Found a transporter.
  2008 | D        | Got Mupir's Collected Works on Intoxication and the Glacier
  2032 | D        | Entered arena 17.
  2038 | D        | Noticed an orc warlord
  2083 | D        | Killed an orc warlord
  2083 | D        | Reached skill level 5 in Transmutations
  2127 | D        | Found a transporter.
  2155 | D        | Entered arena 18.
  2161 | D        | Noticed Veybb the pandemonium lord
  2162 | D        | Noticed a Tzitzimitl
  2162 | D        | Noticed a monstrous black sun
  2164 | D        | Noticed an Executioner
  2164 | D        | Noticed Uveatos the pandemonium lord
  2164 | D        | Noticed Gumuat the pandemonium lord
  2166 | D        | Noticed a reaper
  2166 | D        | Killed a Tzitzimitl
  2166 | D        | HP: 2/133 [reaper/vampiric scythe[Veybb] (27)]
  2167 | D        | Found a transporter.
  2169 | D        | Killed a monstrous black sun
  2169 | D        | Reached XP level 14. HP: 2/141 MP: 19/28
  2169 | D        | Killed Uveatos the pandemonium lord
  2169 | D        | Mangled by an Executioner

Vault maps used:
D:        sprint_v

Skill      XL: |  1  2  3  4  5  6  7  8  9 10 11 12 13 14 |
---------------+-------------------------------------------+-----
Dodging        | 7 8 9 10 11 12 13 15 17 | 17.1
Polearms       | 4 6 8 10 11 12 | 12.0
Shields        | 5 7 8 9 10 11 13 15 | 15.0
Invocations    | 4 6 7 10 13 15 17 | 17.6
Fighting       | 5 7 8 10 13 15 17 | 17.8
Spellcasting   | 2 7 10 13 | 13.3
Transmutations | 8 9 |  9.6

Action                   |  1- 3 |  4- 6 |  7- 9 | 10-12 | 13-15 || total
-------------------------+-------+-------+-------+-------+-------++-------
Melee: Lance             |       |    22 |    66 |   168 |    88 ||   344
       Tailslap          |       |     5 |    14 |    42 |    28 ||    89
Invok: Upheaval          |       |       |     3 |     3 |       ||     6
       Disaster Area     |       |       |       |     6 |     5 ||    11
 Abil: Breathe Steam     |       |       |     1 |       |       ||     1
Evoke: Wand              |     1 |     2 |     2 |       |       ||     5
       Lightning rod     |       |       |     1 |       |       ||     1
       Phial of floods   |       |       |     1 |       |       ||     1
  Use: Potion            |     1 |       |       |     6 |     1 ||     8
       Scroll            |     1 |       |       |     1 |     1 ||     3
 Stab: Invisible         |       |       |       |       |     1 ||     1
  Eat: Chunk             |       |       |       |     3 |     1 ||     4
Armor: Skin              |       |     1 |       |    16 |     2 ||    19
Dodge: Dodged            |       |     3 |     8 |    28 |    13 ||    52
       Deflected         |       |       |       |       |     3 ||     3
Block: Shield            |       |    28 |    49 |   164 |    70 ||   311
       Reflection        |       |       |     8 |    13 |       ||    21

Table legend:
 A = Spawn XP
 B = Non-spawn XP
 C = Spawn XP percentage of total XP
 D = Spawn monster count
 E = Non-spawn monster count
 F = Spawn count percentage of total count
 G = Total turns spent on level
                    A         B        C        D         E        F      G
               +---------+---------+-------+---------+---------+-------+---------
         Total |       0 |   68306 |   0.0 |       0 |     141 |   0.0 |  2169
               +---------+---------+-------+---------+---------+-------+---------
             D |       0 |   68306 |   0.0 |       0 |     141 |   0.0 |  2169
               +---------+---------+-------+---------+---------+-------+---------
